Workbook

Sheet ORÇAMENTO
D3: UNIVERSIDADE ESTADUAL DO NORTE DO PARANÁ
D4: CNPJ: 08.885.100/0001-54 | L4: BDI | M4: 0.2602
D5: OBRA : ADEQUAÇÕES DOS LABORATÓRIOS DO BLOCO G - MEDICINA
D6: Local: Campus Cornélio Procópio - CCP | L6: Total S/BDI | M6: =M7/(1+M4) -> 0
D7: Data do orçamento: MARÇO/2026 | L7: Total c/BDI | M7: =P7 -> 0 | P7: =SUM(P11:P225) -> 0
D8: SINAPI_Custo_Ref_Composicoes_Analitico_PR_202602_Desonerado
D9: INSERIR NOME DA EMPRESA
A11: ITEM | B11: RESUMO | C11: CÓDIGO | D11: DESCRIÇÃO DOS SERVIÇOS | E11: UN | F11: QTD | G11: UNITÁRIO (SEM BDI) | J11: TOTAL (Valores sem BDI) | M11: VALOR TOTAL C/ BDI
G12: MATERIAL + EQ | H12: MÃO DE OBRA | I12: TOTAL | J12: MATERIAL | K12: MÃO DE OBRA | L12: TOTAL
A13: 1 | B13: SALA G-04 | J13: =SUM(J14:J27) -> 0 | K13: =SUM(K14:K27) -> 0 | L13: =SUM(L14:L27) -> 0 | M13: =SUM(M14:M27) -> 0 | P13: =M13 -> 0
A14: 1.1 | B14: REMOÇÕES E DEMOLIÇÕES | N14: =O14/P$13 -> #DIV/0! | O14: =SUM(M15) -> 0 | P14: =M14 -> 0
A15: 1.1.1 | B15: FURO EM PAREDE PARA PASSAGEM DE TUBULAÇÃO DE GÁS | C15: 97622 | D15: DEMOLIÇÃO DE ALVENARIA DE BLOCO FURADO, DE FORMA MANUAL, SEM REAPROVEITAMENTO. AF_09/2023 | E15: M3 | F15: 0.05 | I15: =G15+H15 -> 0 | J15: =G15*F15 -> 0 | K15: =H15*F15 -> 0 | L15: =J15+K15 -> 0 | M15: =ROUND(L15*(1+$M$4),2) -> 0
A16: 1.2 | B16: TUBULAÇÃO DE GÁS | N16: =O16/P$13 -> #DIV/0! | O16: =SUM(M17:M22) -> 0 | P16: =M16 -> 0
A17: 1.2.1 | B17: INSTALAÇÃO DE TUBO DE GÁS GLP INTERNO DA SALA | C17: 97335 | D17: TUBO EM COBRE RÍGIDO, DN 22 MM, CLASSE A, SEM ISOLAMENTO, INSTALADO EM PRUMADA DE GÁS COMBUSTÍVEL - FORNECIMENTO E INSTALAÇÃO. AF_04/2022 | E17: M | F17: =3.6+3.6+6.5+7.6+6.17+0.4+2.5*4-0.87+0.3*8+0.6 -> 40 | I17: =G17+H17 -> 0 | J17: =G17*F17 -> 0 | K17: =H17*F17 -> 0 | L17: =J17+K17 -> 0 | M17: =ROUND(L17*(1+$M$4),2) -> 0
A18: 1.2.2 | B18: TÊ PARA RAMAL DA TUBULAÇÃO | C18: 103832 | D18: [ADAPTADO PARA DN 22 MM] TÊ EM COBRE, DN 15 MM, SEM ANEL DE SOLDA, INSTALADO EM RAMAL E SUB-RAMAL DE GÁS COMBUSTÍVEL - FORNECIMENTO E INSTALAÇÃO. AF_04/2022 | E18: UN | F18: 10 | I18: =G18+H18 -> 0 | J18: =G18*F18 -> 0 | K18: =H18*F18 -> 0 | L18: =J18+K18 -> 0 | M18: =ROUND(L18*(1+$M$4),2) -> 0
A19: 1.2.3 | B19: JOELHO PARA TUBULAÇÃO DE GÁS | C19: 92701 | D19: JOELHO 90 GRAUS, EM FERRO GALVANIZADO, CONEXÃO ROSQUEADA, DN 20 (3/4"), INSTALADO EM RAMAIS E SUB-RAMAIS DE GÁS - FORNECIMENTO E INSTALAÇÃO. AF_01/2026 | E19: UN | F19: 11 | I19: =G19+H19 -> 0 | J19: =G19*F19 -> 0 | K19: =H19*F19 -> 0 | L19: =J19+K19 -> 0 | M19: =ROUND(L19*(1+$M$4),2) -> 0
A20: 1.2.4 | B20: FIXAÇÃO DE TUBULAÇÃO DE GÁS (a cada 1,5m) | C20: 11298/ORSE | D20: Fornecimento e instalação de mão francesa simples 100 mm | E20: UN | F20: 21 | I20: =G20+H20 -> 0 | J20: =G20*F20 -> 0 | K20: =H20*F20 -> 0 | L20: =J20+K20 -> 0 | M20: =ROUND(L20*(1+$M$4),2) -> 0
A21: 1.2.5 | B21: FIXAÇÃO DA TUBULAÇÃO VERTICAL | C21: 91166 | D21: FIXAÇÃO DE TUBOS HORIZONTAIS DE PEX OU MULTICAMADAS, DIÂMETROS IGUAIS OU INFERIORES A 40 MM, COM ABRAÇADEIRA PLÁSTICA FIXADA EM LAJE. AF_09/2023_PE | E21: M | F21: =2.5*4 -> 10 | I21: =G21+H21 -> 0 | J21: =G21*F21 -> 0 | K21: =H21*F21 -> 0 | L21: =J21+K21 -> 0 | M21: =ROUND(L21*(1+$M$4),2) -> 0
A22: 1.2.6 | B22: VÁLVULA PARA CONTROLE DE SAÍDA DE GÁS C/ BICO ADAPTADOR | C22: 13582/ORSE | D22: Registro esfera borboleta 90°, 1/2" NPT (macho) x 3/8", entrada e saída bico da mangueira, para instalação de gás | E22: UN | F22: 21 | I22: =G22+H22 -> 0 | J22: =G22*F22 -> 0 | K22: =H22*F22 -> 0 | L22: =J22+K22 -> 0 | M22: =ROUND(L22*(1+$M$4),2) -> 0
A23: 1.3 | B23: RECOMPOSIÇÃO DE FURO PARA PASSAGEM DE TUBULAÇÃO | N23: =O23/P$13 -> #DIV/0! | O23: =SUM(M24:M27) -> 0 | P23: =M23 -> 0
A24: 1.3.1 | B24: RECOMPOSIÇÃO DE FURO PARA PASSAGEM DE TUBULAÇÃO | C24: 87547 | D24: MASSA ÚNICA, EM ARGAMASSA TRAÇO 1:2:8, PREPARO MECÂNICO, APLICADA MANUALMENTE EM PAREDES INTERNAS DE AMBIENTES COM ÁREA ENTRE 5M² E 10M², E = 10MM, COM TALISCAS. AF_03/2024 | E24: M2 | F24: 0.1 | I24: =G24+H24 -> 0 | J24: =G24*F24 -> 0 | K24: =H24*F24 -> 0 | L24: =J24+K24 -> 0 | M24: =ROUND(L24*(1+$M$4),2) -> 0
A25: 1.3.2 | B25: ACABAMENTO DE RECOMPOSIÇÃO | C25: 88497 | D25: EMASSAMENTO COM MASSA LÁTEX, APLICAÇÃO EM PAREDE, DUAS DEMÃOS, LIXAMENTO MANUAL. AF_04/2023 | E25: M2 | F25: =0.1*2 -> 0.2 | I25: =G25+H25 -> 0 | J25: =G25*F25 -> 0 | K25: =H25*F25 -> 0 | L25: =J25+K25 -> 0 | M25: =ROUND(L25*(1+$M$4),2) -> 0
A26: 1.3.3 | B26: PINTURA - FUNDO SELADOR | C26: 88485 | D26: FUNDO SELADOR ACRÍLICO, APLICAÇÃO MANUAL EM PAREDE, UMA DEMÃO. AF_04/2023 | E26: M2 | F26: =0.1*2 -> 0.2 | I26: =G26+H26 -> 0 | J26: =G26*F26 -> 0 | K26: =H26*F26 -> 0 | L26: =J26+K26 -> 0 | M26: =ROUND(L26*(1+$M$4),2) -> 0
A27: 1.3.4 | B27: PINTURA - PAREDES | C27: 88489 | D27: PINTURA LÁTEX ACRÍLICA PREMIUM, APLICAÇÃO MANUAL EM PAREDES, DUAS DEMÃOS. AF_04/2023 | E27: M2 | F27: =0.1*2 -> 0.2 | I27: =G27+H27 -> 0 | J27: =G27*F27 -> 0 | K27: =H27*F27 -> 0 | L27: =J27+K27 -> 0 | M27: =ROUND(L27*(1+$M$4),2) -> 0
A29: 2 | B29: SALA G-05 | J29: =SUM(J30:J43) -> 0 | K29: =SUM(K30:K43) -> 0 | L29: =SUM(L30:L43) -> 0 | M29: =SUM(M30:M43) -> 0 | P29: =M29 -> 0
A30: 2.1 | B30: REMOÇÕES E DEMOLIÇÕES | N30: =O30/P$29 -> #DIV/0! | O30: =SUM(M31) -> 0 | P30: =M30 -> 0
A31: 2.1.1 | B31: FURO EM PAREDE PARA PASSAGEM DE TUBULAÇÃO DE GÁS | C31: 97622 | D31: DEMOLIÇÃO DE ALVENARIA DE BLOCO FURADO, DE FORMA MANUAL, SEM REAPROVEITAMENTO. AF_09/2023 | E31: M3 | F31: 0.05 | I31: =G31+H31 -> 0 | J31: =G31*F31 -> 0 | K31: =H31*F31 -> 0 | L31: =J31+K31 -> 0 | M31: =ROUND(L31*(1+$M$4),2) -> 0
A32: 2.2 | B32: TUBULAÇÃO DE GÁS | N32: =O32/P$29 -> #DIV/0! | O32: =SUM(M33:M38) -> 0 | P32: =M32 -> 0
A33: 2.2.1 | B33: INSTALAÇÃO DE TUBO DE GÁS GLP INTERNO DA SALA | C33: 97335 | D33: TUBO EM COBRE RÍGIDO, DN 22 MM, CLASSE A, SEM ISOLAMENTO, INSTALADO EM PRUMADA DE GÁS COMBUSTÍVEL - FORNECIMENTO E INSTALAÇÃO. AF_04/2022 | E33: M | F33: =12+2.5+2.5 -> 17 | I33: =G33+H33 -> 0 | J33: =G33*F33 -> 0 | K33: =H33*F33 -> 0 | L33: =J33+K33 -> 0 | M33: =ROUND(L33*(1+$M$4),2) -> 0
A34: 2.2.2 | B34: TÊ PARA RAMAL DA TUBULAÇÃO | C34: 103832 | D34: [ADAPTADO PARA DN 22 MM] TÊ EM COBRE, DN 15 MM, SEM ANEL DE SOLDA, INSTALADO EM RAMAL E SUB-RAMAL DE GÁS COMBUSTÍVEL - FORNECIMENTO E INSTALAÇÃO. AF_04/2022 | E34: UN | F34: 1 | I34: =G34+H34 -> 0 | J34: =G34*F34 -> 0 | K34: =H34*F34 -> 0 | L34: =J34+K34 -> 0 | M34: =ROUND(L34*(1+$M$4),2) -> 0
A35: 2.2.3 | B35: JOELHO PARA TUBULAÇÃO DE GÁS | C35: 92701 | D35: JOELHO 90 GRAUS, EM FERRO GALVANIZADO, CONEXÃO ROSQUEADA, DN 20 (3/4"), INSTALADO EM RAMAIS E SUB-RAMAIS DE GÁS - FORNECIMENTO E INSTALAÇÃO. AF_01/2026 | E35: UN | F35: 5 | I35: =G35+H35 -> 0 | J35: =G35*F35 -> 0 | K35: =H35*F35 -> 0 | L35: =J35+K35 -> 0 | M35: =ROUND(L35*(1+$M$4),2) -> 0
A36: 2.2.4 | B36: FIXAÇÃO DE TUBULAÇÃO DE GÁS (a cada 1,5m) | C36: 11298/ORSE | D36: Fornecimento e instalação de mão francesa simples 100 mm | E36: UN | F36: =12/1.5 -> 8 | I36: =G36+H36 -> 0 | J36: =G36*F36 -> 0 | K36: =H36*F36 -> 0 | L36: =J36+K36 -> 0 | M36: =ROUND(L36*(1+$M$4),2) -> 0
A37: 2.2.5 | B37: FIXAÇÃO DA TUBULAÇÃO VERTICAL | C37: 91166 | D37: FIXAÇÃO DE TUBOS HORIZONTAIS DE PEX OU MULTICAMADAS, DIÂMETROS IGUAIS OU INFERIORES A 40 MM, COM ABRAÇADEIRA PLÁSTICA FIXADA EM LAJE. AF_09/2023_PE | E37: M | F37: 5 | I37: =G37+H37 -> 0 | J37: =G37*F37 -> 0 | K37: =H37*F37 -> 0 | L37: =J37+K37 -> 0 | M37: =ROUND(L37*(1+$M$4),2) -> 0
A38: 2.2.6 | B38: VÁLVULA PARA CONTROLE DE SAÍDA DE GÁS C/ BICO ADAPTADOR | C38: 13582/ORSE | D38: Registro esfera borboleta 90°, 1/2" NPT (macho) x 3/8", entrada e saída bico da mangueira, para instalação de gás | E38: UN | F38: 2 | I38: =G38+H38 -> 0 | J38: =G38*F38 -> 0 | K38: =H38*F38 -> 0 | L38: =J38+K38 -> 0 | M38: =ROUND(L38*(1+$M$4),2) -> 0
A39: 2.3 | B39: RECOMPOSIÇÃO DE FURO PARA PASSAGEM DE TUBULAÇÃO | N39: =O39/P$29 -> #DIV/0! | O39: =SUM(M40:M43) -> 0 | P39: =M39 -> 0
A40: 2.3.1 | B40: RECOMPOSIÇÃO DE FURO PARA PASSAGEM DE TUBULAÇÃO | C40: 87547 | D40: MASSA ÚNICA, EM ARGAMASSA TRAÇO 1:2:8, PREPARO MECÂNICO, APLICADA MANUALMENTE EM PAREDES INTERNAS DE AMBIENTES COM ÁREA ENTRE 5M² E 10M², E = 10MM, COM TALISCAS. AF_03/2024 | E40: M2 | F40: 0.1 | I40: =G40+H40 -> 0 | J40: =G40*F40 -> 0 | K40: =H40*F40 -> 0 | L40: =J40+K40 -> 0 | M40: =ROUND(L40*(1+$M$4),2) -> 0
A41: 2.3.2 | B41: ACABAMENTO DE RECOMPOSIÇÃO | C41: 88497 | D41: EMASSAMENTO COM MASSA LÁTEX, APLICAÇÃO EM PAREDE, DUAS DEMÃOS, LIXAMENTO MANUAL. AF_04/2023 | E41: M2 | F41: =0.1*2 -> 0.2 | I41: =G41+H41 -> 0 | J41: =G41*F41 -> 0 | K41: =H41*F41 -> 0 | L41: =J41+K41 -> 0 | M41: =ROUND(L41*(1+$M$4),2) -> 0
A42: 2.3.3 | B42: PINTURA - FUNDO SELADOR | C42: 88485 | D42: FUNDO SELADOR ACRÍLICO, APLICAÇÃO MANUAL EM PAREDE, UMA DEMÃO. AF_04/2023 | E42: M2 | F42: =0.1*2 -> 0.2 | I42: =G42+H42 -> 0 | J42: =G42*F42 -> 0 | K42: =H42*F42 -> 0 | L42: =J42+K42 -> 0 | M42: =ROUND(L42*(1+$M$4),2) -> 0
A43: 2.3.4 | B43: PINTURA - PAREDES | C43: 88489 | D43: PINTURA LÁTEX ACRÍLICA PREMIUM, APLICAÇÃO MANUAL EM PAREDES, DUAS DEMÃOS. AF_04/2023 | E43: M2 | F43: =0.1*2 -> 0.2 | I43: =G43+H43 -> 0 | J43: =G43*F43 -> 0 | K43: =H43*F43 -> 0 | L43: =J43+K43 -> 0 | M43: =ROUND(L43*(1+$M$4),2) -> 0
A45: 3 | B45: SALA G-07 | J45: =SUM(J46:J66) -> 0 | K45: =SUM(K46:K66) -> 0 | L45: =SUM(L46:L66) -> 0 | M45: =SUM(M46:M66) -> 0 | P45: =M45 -> 0
A46: 3.1 | B46: DEMOLIÇÕES E RETIRADAS | N46: =O46/P$45 -> #DIV/0! | O46: =SUM(M47:M48) -> 0 | P46: =M46 -> 0
A47: 3.1.1 | B47: RASGO EM PISO E PAREDE PARA INSTALAÇÃO ELÉTRICA DERIVADA DE EXISTENTE | C47: 90444 | D47: [ADAPTADO PARA PASSAGEM DE CONDUÍTE ELÉTRICO] RASGO LINEAR MECANIZADO EM CONTRAPISO, PARA RAMAIS/ DISTRIBUIÇÃO DE INSTALAÇÕES HIDRÁULICAS, DIÂMETROS MENORES OU IGUAIS A 40 MM. AF_09/2023_PS | E47: M | F47: 5 | I47: =G47+H47 -> 0 | J47: =G47*F47 -> 0 | K47: =H47*F47 -> 0 | L47: =I47*F47 -> 0 | M47: =ROUND(L47*(1+$M$4),2) -> 0
A48: 3.1.2 | B48: RASGO EM PISO PARA SUPORTE DE BANCADA | C48: 97634 | D48: DEMOLIÇÃO DE REVESTIMENTO CERÂMICO, DE FORMA MECANIZADA COM MARTELETE, SEM REAPROVEITAMENTO. AF_09/2023 | E48: M2 | F48: =0.15*1.2*7 -> 1.26 | I48: =G48+H48 -> 0 | J48: =G48*F48 -> 0 | K48: =H48*F48 -> 0 | L48: =I48*F48 -> 0 | M48: =ROUND(L48*(1+$M$4),2) -> 0
A50: 3.2 | B50: SUPORTE DAS BANCADAS | N50: =O50/P$45 -> #DIV/0! | O50: =SUM(M51:M54) -> 0 | P50: =M50 -> 0
A51: 3.2.1 | B51: ALVENARIA SUPORTE DAS BANCADAS | C51: 103335 | D51: ALVENARIA DE VEDAÇÃO DE BLOCOS CERÂMICOS FURADOS NA HORIZONTAL DE 14X9X19 CM (ESPESSURA 14 CM, BLOCO DEITADO) E ARGAMASSA DE ASSENTAMENTO COM PREPARO MANUAL. AF_12/2021 | E51: M2 | F51: =1.2*0.8*7 -> 6.72 | I51: =G51+H51 -> 0 | J51: =G51*F51 -> 0 | K51: =H51*F51 -> 0 | L51: =J51+K51 -> 0 | M51: =ROUND(L51*(1+$M$4),2) -> 0
A52: 3.2.2 | B52: ALVENARIA SUPORTE DAS BANCADAS - CHAPISCO | C52: 87878 | D52: CHAPISCO APLICADO EM ALVENARIAS E ESTRUTURAS DE CONCRETO INTERNAS, COM COLHER DE PEDREIRO. ARGAMASSA TRAÇO 1:3 COM PREPARO MANUAL. AF_10/2022 | E52: M2 | F52: =F51*2+0.15*2*7*0.8 -> 15.12 | I52: =G52+H52 -> 0 | J52: =G52*F52 -> 0 | K52: =H52*F52 -> 0 | L52: =J52+K52 -> 0 | M52: =ROUND(L52*(1+$M$4),2) -> 0
A53: 3.2.3 | B53: ALVENARIA SUPORTE DAS BANCADAS - REBOCO | C53: 87529 | D53: MASSA ÚNICA, EM ARGAMASSA TRAÇO 1:2:8, PREPARO MECÂNICO, APLICADA MANUALMENTE EM PAREDES INTERNAS DE AMBIENTES COM ÁREA ENTRE 5M² E 10M², E = 17,5MM, COM TALISCAS. AF_03/2024 | E53: M2 | F53: =F52 -> 15.12 | I53: =G53+H53 -> 0 | J53: =G53*F53 -> 0 | K53: =H53*F53 -> 0 | L53: =J53+K53 -> 0 | M53: =ROUND(L53*(1+$M$4),2) -> 0
A54: 3.2.4 | B54: REVESTIMENTO CERÂMICO BANCADAS | C54: 87269 | D54: REVESTIMENTO CERÂMICO PARA PAREDES INTERNAS COM PLACAS TIPO ESMALTADA DE DIMENSÕES 25X35 CM APLICADAS NA ALTURA INTEIRA DAS PAREDES. AF_02/2023_PE | E54: M2 | F54: =F53 -> 15.12 | I54: =G54+H54 -> 0 | J54: =G54*F54 -> 0 | K54: =H54*F54 -> 0 | L54: =J54+K54 -> 0 | M54: =ROUND(L54*(1+$M$4),2) -> 0
A56: 3.3 | B56: BANCADA | N56: =O56/P$45 -> #DIV/0! | O56: =SUM(M57) -> 0 | P56: =M56 -> 0
A57: 3.3.1 | B57: BANCADAS EM GRANITO - INCLUSOS ESPELHO E ACABAMENTO 8CM | C57: 10759/ORSE | D57: BANCADA EM GRANITO CINZA ANDORINHA, E=2CM | E57: M2 | F57: =4*1.2+3.15*1.2+0.08*(4+1.2+4+1.2+3.15*2+1.2*2) -> 10.108 | I57: =G57+H57 -> 0 | J57: =G57*F57 -> 0 | K57: =H57*F57 -> 0 | L57: =J57+K57 -> 0 | M57: =ROUND(L57*(1+$M$4),2) -> 0
A59: 3.4 | B59: RECOMPOSIÇÃO DO PISO | N59: =O59/P$45 -> #DIV/0! | O59: =SUM(M60:M61) -> 0 | P59: =M59 -> 0
A60: 3.4.1 | B60: RECOMPOSIÇÃO DE PISO RECORTADO PARA PASSAGEM ELÉTRICA | C60: 87251 | D60: REVESTIMENTO CERÂMICO PARA PISO COM PLACAS TIPO ESMALTADA DE DIMENSÕES 45X45 CM APLICADA EM AMBIENTES DE ÁREA MAIOR QUE 10 M2. AF_02/2023_PE | E60: M2 | F60: =0.2*5 -> 1 | I60: =G60+H60 -> 0 | J60: =G60*F60 -> 0 | K60: =H60*F60 -> 0 | L60: =J60+K60 -> 0 | M60: =ROUND(L60*(1+$M$4),2) -> 0
A61: 3.4.2 | B61: REGULARIZAÇÃO DE CONTRAPISO - PASSAGEM DE ELETRODUTO DA BANCADA CENTRAL | C61: 87620 | D61: CONTRAPISO EM ARGAMASSA TRAÇO 1:4 (CIMENTO E AREIA), PREPARO MECÂNICO COM BETONEIRA 400 L, APLICADO EM ÁREAS SECAS SOBRE LAJE, ADERIDO, ACABAMENTO NÃO REFORÇADO, ESPESSURA 2CM. AF_07/2021 | E61: M2 | F61: =F60 -> 1 | I61: =G61+H61 -> 0 | J61: =G61*F61 -> 0 | K61: =H61*F61 -> 0 | L61: =J61+K61 -> 0 | M61: =ROUND(L61*(1+$M$4),2) -> 0
A63: 3.5 | B63: INSTALAÇÕES ELÉTRICAS DA BANCADA | N63: =O63/P$45 -> #DIV/0! | O63: =SUM(M64:M66) -> 0 | P63: =M63 -> 0
A64: 3.5.1 | B64: SUPORTE DE TOMADAS PARA AS BANCADAS + RJ45 CAT6 | C64: =COMPOSIÇÕES!A26 -> COMP.03 | D64: =COMPOSIÇÕES!B26 -> SUPORTE DE TOMADA PARA BANCADAS, INCLUSIVE TOMADAS, TOMADAS RJ45, FIXAÇÃO E INSTALAÇÃO | E64: M | F64: 7.15 | I64: =G64+H64 -> 0 | J64: =G64*F64 -> 0 | K64: =H64*F64 -> 0 | L64: =J64+K64 -> 0 | M64: =ROUND(L64*(1+$M$4),2) -> 0
A65: 3.5.3 | B65: DERIVAÇÃO DE FIAÇÃO + LIGAÇÃO DAS BANCADAS | C65: 91928 | D65: CABO DE COBRE FLEXÍVEL ISOLADO, 4 MM², ANTI-CHAMA 450/750 V, PARA CIRCUITOS TERMINAIS - FORNECIMENTO E INSTALAÇÃO. AF_03/2023 | E65: M | F65: =68+55 -> 123 | I65: =G65+H65 -> 0 | J65: =G65*F65 -> 0 | K65: =H65*F65 -> 0 | L65: =J65+K65 -> 0 | M65: =ROUND(L65*(1+$M$4),2) -> 0
A66: 3.5.4 | B66: ELETRODUTO FLEX 3/4" | C66: 91834 | D66: ELETRODUTO FLEXÍVEL CORRUGADO, PVC, DN 25 MM (3/4"), PARA CIRCUITOS TERMINAIS, INSTALADO EM FORRO - FORNECIMENTO E INSTALAÇÃO. AF_12/2015 | E66: M | F66: 6 | I66: =G66+H66 -> 0 | J66: =G66*F66 -> 0 | K66: =H66*F66 -> 0 | L66: =J66+K66 -> 0 | M66: =ROUND(L66*(1+$M$4),2) -> 0
A68: 4 | B68: SALA G-08 | J68: =SUM(J69:J83) -> 0 | K68: =SUM(K69:K83) -> 0 | L68: =SUM(L69:L83) -> 0 | M68: =SUM(M69:M83) -> 0 | P68: =M68 -> 0
A69: 4.1 | B69: REMOÇÕES E DEMOLIÇÕES | N69: =O69/P$68 -> #DIV/0! | O69: =SUM(M70) -> 0 | P69: =M69 -> 0
A70: 4.1.1 | B70: FURO EM PAREDE PARA PASSAGEM DE TUBULAÇÃO DE GÁS | C70: 97622 | D70: DEMOLIÇÃO DE ALVENARIA DE BLOCO FURADO, DE FORMA MANUAL, SEM REAPROVEITAMENTO. AF_09/2023 | E70: M3 | F70: 0.05 | I70: =G70+H70 -> 0 | J70: =G70*F70 -> 0 | K70: =H70*F70 -> 0 | L70: =J70+K70 -> 0 | M70: =ROUND(L70*(1+$M$4),2) -> 0
A72: 4.2 | B72: TUBULAÇÃO DE GÁS | N72: =O72/P$68 -> #DIV/0! | O72: =SUM(M73:M77) -> 0 | P72: =M72 -> 0
A73: 4.2.1 | B73: INSTALAÇÃO DE TUBO DE GÁS GLP INTERNO DA SALA | C73: 97335 | D73: TUBO EM COBRE RÍGIDO, DN 22 MM, CLASSE A, SEM ISOLAMENTO, INSTALADO EM PRUMADA DE GÁS COMBUSTÍVEL - FORNECIMENTO E INSTALAÇÃO. AF_04/2022 | E73: M | F73: =6+3 -> 9 | I73: =G73+H73 -> 0 | J73: =G73*F73 -> 0 | K73: =H73*F73 -> 0 | L73: =J73+K73 -> 0 | M73: =ROUND(L73*(1+$M$4),2) -> 0
A74: 4.2.2 | B74: JOELHO PARA TUBULAÇÃO DE GÁS | C74: 92701 | D74: JOELHO 90 GRAUS, EM FERRO GALVANIZADO, CONEXÃO ROSQUEADA, DN 20 (3/4"), INSTALADO EM RAMAIS E SUB-RAMAIS DE GÁS - FORNECIMENTO E INSTALAÇÃO. AF_01/2026 | E74: UN | F74: 3 | I74: =G74+H74 -> 0 | J74: =G74*F74 -> 0 | K74: =H74*F74 -> 0 | L74: =J74+K74 -> 0 | M74: =ROUND(L74*(1+$M$4),2) -> 0
A75: 4.2.3 | B75: FIXAÇÃO DE TUBULAÇÃO DE GÁS (a cada 1,5m) | C75: 11298/ORSE | D75: Fornecimento e instalação de mão francesa simples 100 mm | E75: UN | F75: 4 | I75: =G75+H75 -> 0 | J75: =G75*F75 -> 0 | K75: =H75*F75 -> 0 | L75: =J75+K75 -> 0 | M75: =ROUND(L75*(1+$M$4),2) -> 0
A76: 4.2.4 | B76: FIXAÇÃO DA TUBULAÇÃO VERTICAL | C76: 91166 | D76: FIXAÇÃO DE TUBOS HORIZONTAIS DE PEX OU MULTICAMADAS, DIÂMETROS IGUAIS OU INFERIORES A 40 MM, COM ABRAÇADEIRA PLÁSTICA FIXADA EM LAJE. AF_09/2023_PE | E76: M | F76: 3.5 | I76: =G76+H76 -> 0 | J76: =G76*F76 -> 0 | K76: =H76*F76 -> 0 | L76: =J76+K76 -> 0 | M76: =ROUND(L76*(1+$M$4),2) -> 0
A77: 4.2.5 | B77: VÁLVULA PARA CONTROLE DE SAÍDA DE GÁS C/ BICO ADAPTADOR | C77: 13582/ORSE | D77: Registro esfera borboleta 90°, 1/2" NPT (macho) x 3/8", entrada e saída bico da mangueira, para instalação de gás | E77: UN | F77: 1 | I77: =G77+H77 -> 0 | J77: =G77*F77 -> 0 | K77: =H77*F77 -> 0 | L77: =J77+K77 -> 0 | M77: =ROUND(L77*(1+$M$4),2) -> 0
A79: 4.3 | B79: RECOMPOSIÇÃO DE FURO PARA PASSAGEM DE TUBULAÇÃO | N79: =O79/P$68 -> #DIV/0! | O79: =SUM(M80:M83) -> 0 | P79: =M79 -> 0
A80: 4.3.1 | B80: RECOMPOSIÇÃO DE FURO PARA PASSAGEM DE TUBULAÇÃO | C80: 87547 | D80: MASSA ÚNICA, EM ARGAMASSA TRAÇO 1:2:8, PREPARO MECÂNICO, APLICADA MANUALMENTE EM PAREDES INTERNAS DE AMBIENTES COM ÁREA ENTRE 5M² E 10M², E = 10MM, COM TALISCAS. AF_03/2024 | E80: M2 | F80: 0.1 | I80: =G80+H80 -> 0 | J80: =G80*F80 -> 0 | K80: =H80*F80 -> 0 | L80: =J80+K80 -> 0 | M80: =ROUND(L80*(1+$M$4),2) -> 0
A81: 4.3.2 | B81: ACABAMENTO DE RECOMPOSIÇÃO | C81: 88497 | D81: EMASSAMENTO COM MASSA LÁTEX, APLICAÇÃO EM PAREDE, DUAS DEMÃOS, LIXAMENTO MANUAL. AF_04/2023 | E81: M2 | F81: =0.1*2 -> 0.2 | I81: =G81+H81 -> 0 | J81: =G81*F81 -> 0 | K81: =H81*F81 -> 0 | L81: =J81+K81 -> 0 | M81: =ROUND(L81*(1+$M$4),2) -> 0
A82: 4.3.3 | B82: PINTURA - FUNDO SELADOR | C82: 88485 | D82: FUNDO SELADOR ACRÍLICO, APLICAÇÃO MANUAL EM PAREDE, UMA DEMÃO. AF_04/2023 | E82: M2 | F82: =0.1*2 -> 0.2 | I82: =G82+H82 -> 0 | J82: =G82*F82 -> 0 | K82: =H82*F82 -> 0 | L82: =J82+K82 -> 0 | M82: =ROUND(L82*(1+$M$4),2) -> 0
A83: 4.3.4 | B83: PINTURA - PAREDES | C83: 88489 | D83: PINTURA LÁTEX ACRÍLICA PREMIUM, APLICAÇÃO MANUAL EM PAREDES, DUAS DEMÃOS. AF_04/2023 | E83: M2 | F83: =0.1*2 -> 0.2 | I83: =G83+H83 -> 0 | J83: =G83*F83 -> 0 | K83: =H83*F83 -> 0 | L83: =J83+K83 -> 0 | M83: =ROUND(L83*(1+$M$4),2) -> 0
A85: 5 | B85: SALA G-14 | J85: =SUM(J86:J91) -> 0 | K85: =SUM(K86:K91) -> 0 | L85: =SUM(L86:L91) -> 0 | M85: =SUM(M86:M91) -> 0 | P85: =M85 -> 0
A86: 5.1 | B86: INSTALAÇÕES ELÉTRICAS DA BANCADA | N86: =O86/P$85 -> #DIV/0! | O86: =SUM(M87:M91) -> 0 | P86: =M86 -> 0
A87: 5.1.1 | B87: CONDULETE PARA DERIVAÇÃO DE FIAÇÃO | C87: 95795 | D87: CONDULETE DE ALUMÍNIO, TIPO T, PARA ELETRODUTO DE AÇO GALVANIZADO DN 20 MM (3/4''), APARENTE - FORNECIMENTO E INSTALAÇÃO. AF_01/2026 | E87: UN | F87: 10 | I87: =G87+H87 -> 0 | J87: =G87*F87 -> 0 | K87: =H87*F87 -> 0 | L87: =J87+K87 -> 0 | M87: =ROUND(L87*(1+$M$4),2) -> 0
A88: 5.1.2 | B88: CONDULETE PARA DERIVAÇÃO DE FIAÇÃO | C88: 95787 | D88: CONDULETE DE ALUMÍNIO, TIPO LR, PARA ELETRODUTO DE AÇO GALVANIZADO DN 20 MM (3/4''), APARENTE - FORNECIMENTO E INSTALAÇÃO. AF_01/2026 | E88: UN | F88: 10 | I88: =G88+H88 -> 0 | J88: =G88*F88 -> 0 | K88: =H88*F88 -> 0 | L88: =J88+K88 -> 0 | M88: =ROUND(L88*(1+$M$4),2) -> 0
A89: 5.1.3 | B89: DERIVAÇÃO DE FIAÇÃO | C89: 91926 | D89: CABO DE COBRE FLEXÍVEL ISOLADO, 2,5 MM², ANTI-CHAMA 450/750 V, PARA CIRCUITOS TERMINAIS - FORNECIMENTO E INSTALAÇÃO. AF_12/2015 | E89: M | F89: =1.5*3*10 -> 45 | I89: =G89+H89 -> 0 | J89: =G89*F89 -> 0 | K89: =H89*F89 -> 0 | L89: =J89+K89 -> 0 | M89: =ROUND(L89*(1+$M$4),2) -> 0
A90: 5.1.4 | B90: ELETRODUTO RÍGIDO 3/4" | C90: 91871 | D90: ELETRODUTO RÍGIDO ROSCÁVEL, PVC, DN 25 MM (3/4"), PARA CIRCUITOS TERMINAIS, INSTALADO EM PAREDE - FORNECIMENTO E INSTALAÇÃO. AF_03/2023 | E90: M | F90: =1*10 -> 10 | I90: =G90+H90 -> 0 | J90: =G90*F90 -> 0 | K90: =H90*F90 -> 0 | L90: =J90+K90 -> 0 | M90: =ROUND(L90*(1+$M$4),2) -> 0
A91: 5.1.5 | B91: TOMADAS 2P+T 20A | C91: 10274/ORSE | D91: Caixa metálica com duas tomadas 2P+T para instalação aparente | E91: UN | F91: 10 | I91: =G91+H91 -> 0 | J91: =G91*F91 -> 0 | K91: =H91*F91 -> 0 | L91: =J91+K91 -> 0 | M91: =ROUND(L91*(1+$M$4),2) -> 0
A93: 6 | B93: SALA G-15 | J93: =SUM(J94:J99) -> 0 | K93: =SUM(K94:K99) -> 0 | L93: =SUM(L94:L99) -> 0 | M93: =SUM(M94:M99) -> 0 | P93: =M93 -> 0
A94: 6.1 | B94: INSTALAÇÕES ELÉTRICAS DA BANCADA | N94: =O94/P$93 -> #DIV/0! | O94: =SUM(M95:M99) -> 0 | P94: =M94 -> 0
A95: 6.1.1 | B95: CONDULETE PARA DERIVAÇÃO DE FIAÇÃO | C95: 95795 | D95: CONDULETE DE ALUMÍNIO, TIPO T, PARA ELETRODUTO DE AÇO GALVANIZADO DN 20 MM (3/4''), APARENTE - FORNECIMENTO E INSTALAÇÃO. AF_01/2026 | E95: UN | F95: 10 | I95: =G95+H95 -> 0 | J95: =G95*F95 -> 0 | K95: =H95*F95 -> 0 | L95: =J95+K95 -> 0 | M95: =ROUND(L95*(1+$M$4),2) -> 0
A96: 6.1.2 | B96: CONDULETE PARA DERIVAÇÃO DE FIAÇÃO | C96: 95787 | D96: CONDULETE DE ALUMÍNIO, TIPO LR, PARA ELETRODUTO DE AÇO GALVANIZADO DN 20 MM (3/4''), APARENTE - FORNECIMENTO E INSTALAÇÃO. AF_01/2026 | E96: UN | F96: 10 | I96: =G96+H96 -> 0 | J96: =G96*F96 -> 0 | K96: =H96*F96 -> 0 | L96: =J96+K96 -> 0 | M96: =ROUND(L96*(1+$M$4),2) -> 0
A97: 6.1.3 | B97: DERIVAÇÃO DE FIAÇÃO | C97: 91926 | D97: CABO DE COBRE FLEXÍVEL ISOLADO, 2,5 MM², ANTI-CHAMA 450/750 V, PARA CIRCUITOS TERMINAIS - FORNECIMENTO E INSTALAÇÃO. AF_12/2015 | E97: M | F97: =1.5*3*10 -> 45 | I97: =G97+H97 -> 0 | J97: =G97*F97 -> 0 | K97: =H97*F97 -> 0 | L97: =J97+K97 -> 0 | M97: =ROUND(L97*(1+$M$4),2) -> 0
A98: 6.1.4 | B98: ELETRODUTO RÍGIDO 3/4" | C98: 91871 | D98: ELETRODUTO RÍGIDO ROSCÁVEL, PVC, DN 25 MM (3/4"), PARA CIRCUITOS TERMINAIS, INSTALADO EM PAREDE - FORNECIMENTO E INSTALAÇÃO. AF_03/2023 | E98: M | F98: =1*10 -> 10 | I98: =G98+H98 -> 0 | J98: =G98*F98 -> 0 | K98: =H98*F98 -> 0 | L98: =J98+K98 -> 0 | M98: =ROUND(L98*(1+$M$4),2) -> 0
A99: 6.1.5 | B99: TOMADAS 2P+T 20A | C99: 10274/ORSE | D99: Caixa metálica com duas tomadas 2P+T para instalação aparente | E99: UN | F99: 10 | I99: =G99+H99 -> 0 | J99: =G99*F99 -> 0 | K99: =H99*F99 -> 0 | L99: =J99+K99 -> 0 | M99: =ROUND(L99*(1+$M$4),2) -> 0
A101: 7 | B101: SALA G-24 | J101: =SUM(J102:J146) -> 0 | K101: =SUM(K102:K146) -> 0 | L101: =SUM(L102:L146) -> 0 | M101: =SUM(M102:M146) -> 0 | P101: =M101 -> 0
A102: 7.1 | B102: RETIRADAS E DEMOLIÇÕES | N102: =O102/P$101 -> #DIV/0! | O102: =SUM(M103:M107) -> 0 | P102: =M102 -> 0
A103: 7.1.1 | B103: DEMOLIÇÃO DE PISO E RODAPÉ PARA MELHORIA DE INFILTRAÇÕES (30cm RODAPÉ + 40cm DE PISO) | C103: 97634 | D103: DEMOLIÇÃO DE REVESTIMENTO CERÂMICO, DE FORMA MECANIZADA COM MARTELETE, SEM REAPROVEITAMENTO. AF_09/2023 | E103: M2 | F103: =31.2*0.3+31.2*0.4 -> 21.84 | I103: =G103+H103 -> 0 | J103: =G103*F103 -> 0 | K103: =H103*F103 -> 0 | L103: =I103*F103 -> 0 | M103: =ROUND(L103*(1+$M$4),2) -> 0
A104: 7.1.2 | B104: RASGO EM PISO PARA SUPORTE DE BANCADA | C104: 97634 | D104: DEMOLIÇÃO DE REVESTIMENTO CERÂMICO, DE FORMA MECANIZADA COM MARTELETE, SEM REAPROVEITAMENTO. AF_09/2023 | E104: M2 | F104: =5*1.2*0.15*3 -> 2.7 | I104: =G104+H104 -> 0 | J104: =G104*F104 -> 0 | K104: =H104*F104 -> 0 | L104: =I104*F104 -> 0 | M104: =ROUND(L104*(1+$M$4),2) -> 0
A105: 7.1.3 | B105: DEMOLIÇÃO DE GRANITO | C105: =COMPOSIÇÕES!A13 -> COMP.01 | D105: =COMPOSIÇÕES!B13 -> REMOÇÃO DE GRANITO DAS BANCADAS, COM REAPROVEITAMENTO | E105: M2 | F105: =(6*1.2+0.1*(6+6+1.2))*3 -> 25.56 | I105: =G105+H105 -> 0 | J105: =G105*F105 -> 0 | K105: =H105*F105 -> 0 | L105: =I105*F105 -> 0 | M105: =ROUND(L105*(1+$M$4),2) -> 0
A106: 7.1.4 | B106: DEMOLIÇÃO DE ALVENARIA | C106: 97621 | D106: DEMOLIÇÃO DE ALVENARIA DE BLOCO FURADO, DE FORMA MANUAL, COM REAPROVEITAMENTO. AF_09/2023 | E106: M3 | F106: =0.15*1.2*4*3 -> 2.16 | I106: =G106+H106 -> 0 | J106: =G106*F106 -> 0 | K106: =H106*F106 -> 0 | L106: =I106*F106 -> 0 | M106: =ROUND(L106*(1+$M$4),2) -> 0
A107: 7.1.5 | B107: RETIRADA DE SUPORTE DE TOMADAS ELÉTRICAS DA BANCADA | C107: =COMPOSIÇÕES!A40 -> COMP.04 | D107: =COMPOSIÇÕES!B40 -> REMOÇÃO E REINSTALAÇÃO DE SUPORTE DE TOMADAS DAS BANCADAS EXISTENTES | E107: UN | F107: 3 | I107: =G107+H107 -> 0 | J107: =G107*F107 -> 0 | K107: =H107*F107 -> 0 | L107: =I107*F107 -> 0 | M107: =ROUND(L107*(1+$M$4),2) -> 0
A109: 7.2 | B109: SUPORTE DAS BANCADAS | N109: =O109/P$101 -> #DIV/0! | O109: =SUM(M110:M113) -> 0 | P109: =M109 -> 0
A110: 7.2.1 | B110: ALVENARIA SUPORTE DAS BANCADAS | C110: 103335 | D110: ALVENARIA DE VEDAÇÃO DE BLOCOS CERÂMICOS FURADOS NA HORIZONTAL DE 14X9X19 CM (ESPESSURA 14 CM, BLOCO DEITADO) E ARGAMASSA DE ASSENTAMENTO COM PREPARO MANUAL. AF_12/2021 | E110: M2 | F110: =1.2*0.8*4 -> 3.84 | I110: =G110+H110 -> 0 | J110: =G110*F110 -> 0 | K110: =H110*F110 -> 0 | L110: =J110+K110 -> 0 | M110: =ROUND(L110*(1+$M$4),2) -> 0
A111: 7.2.2 | B111: ALVENARIA SUPORTE DAS BANCADAS - CHAPISCO | C111: 87878 | D111: CHAPISCO APLICADO EM ALVENARIAS E ESTRUTURAS DE CONCRETO INTERNAS, COM COLHER DE PEDREIRO. ARGAMASSA TRAÇO 1:3 COM PREPARO MANUAL. AF_10/2022 | E111: M2 | F111: =F110*2+0.15*2*0.8 -> 7.92 | I111: =G111+H111 -> 0 | J111: =G111*F111 -> 0 | K111: =H111*F111 -> 0 | L111: =J111+K111 -> 0 | M111: =ROUND(L111*(1+$M$4),2) -> 0
A112: 7.2.3 | B112: ALVENARIA SUPORTE DAS BANCADAS - REBOCO | C112: 87529 | D112: MASSA ÚNICA, EM ARGAMASSA TRAÇO 1:2:8, PREPARO MECÂNICO, APLICADA MANUALMENTE EM PAREDES INTERNAS DE AMBIENTES COM ÁREA ENTRE 5M² E 10M², E = 17,5MM, COM TALISCAS. AF_03/2024 | E112: M2 | F112: =F111 -> 7.92 | I112: =G112+H112 -> 0 | J112: =G112*F112 -> 0 | K112: =H112*F112 -> 0 | L112: =J112+K112 -> 0 | M112: =ROUND(L112*(1+$M$4),2) -> 0
A113: 7.2.4 | B113: REVESTIMENTO CERÂMICO BANCADAS | C113: 87269 | D113: REVESTIMENTO CERÂMICO PARA PAREDES INTERNAS COM PLACAS TIPO ESMALTADA DE DIMENSÕES 25X35 CM APLICADAS NA ALTURA INTEIRA DAS PAREDES. AF_02/2023_PE | E113: M2 | F113: =F112 -> 7.92 | I113: =G113+H113 -> 0 | J113: =G113*F113 -> 0 | K113: =H113*F113 -> 0 | L113: =J113+K113 -> 0 | M113: =ROUND(L113*(1+$M$4),2) -> 0
A115: 7.3 | B115: BANCADA | N115: =O115/P$101 -> #DIV/0! | O115: =SUM(M116) -> 0 | P115: =M115 -> 0
A116: 7.3.1 | B116: BANCADAS EM GRANITO - INCLUSOS ESPELHO E ACABAMENTO 8CM | C116: 10759/ORSE | D116: BANCADA EM GRANITO CINZA ANDORINHA, E=2CM | E116: M2 | F116: =4*1.2+0.1*(4+1.2+4+1.2) -> 5.84 | I116: =G116+H116 -> 0 | J116: =G116*F116 -> 0 | K116: =H116*F116 -> 0 | L116: =J116+K116 -> 0 | M116: =ROUND(L116*(1+$M$4),2) -> 0
A118: 7.4 | B118: RECOMPOSIÇÃO DO PISO | N118: =O118/P$101 -> #DIV/0! | O118: =SUM(M119:M120) -> 0 | P118: =M118 -> 0
...

Sheet CRONOGRAMA - OBRA
D3: UNIVERSIDADE ESTADUAL DO NORTE DO PARANÁ
D4: CNPJ: 08.885.100/0001-54
D5: OBRA : ADEQUAÇÕES DOS LABORATÓRIOS DO BLOCO G - MEDICINA
D6: Local: Campus Cornélio Procópio - CCP
D7: Data do orçamento: MARÇO/2026
D8: SINAPI_Custo_Ref_Composicoes_Analitico_PR_202602_Desonerado
D9: INSERIR NOME DA EMPRESA
A11: CRONOGRAMA FÍSICO- FINANCEIRO
B12: SERVIÇO/LOCAL | E12: MÊS 1 | G12: MÊS 2 | I12: MÊS 3 | K12: MÊS 4 | M12: MÊS 5 | O12: MÊS 6 | Q12: MÊS 7
C13: Valores | D13: % | E13: % | F13: R$ | G13: % | H13: R$ | I13: % | J13: R$ | K13: % | L13: R$ | M13: % | N13: R$ | O13: % | P13: R$ | Q13: % | R13: R$
A14: 1 | B14: =IFERROR(VLOOKUP(A14,ORÇAMENTO!$A$13:$M$211,2,0),"") -> SALA G-04 | C14: =IFERROR(VLOOKUP(A14,ORÇAMENTO!$A$13:$M$211,13,0),"") -> 0 | D14: =C14/$C$25 -> #DIV/0! | E14: 1 | F14: =E14*$C14 -> 0 | H14: =G14*$C14 -> 0 | J14: =I14*$C14 -> 0 | L14: =K14*$C14 -> 0 | N14: =M14*$C14 -> 0 | P14: =O14*$C14 -> 0 | R14: =Q14*$C14 -> 0 | S14: =E14+G14+I14+K14+M14+O14+Q14 -> 1
A15: 2 | B15: =IFERROR(VLOOKUP(A15,ORÇAMENTO!$A$13:$M$211,2,0),"") -> SALA G-05 | C15: =IFERROR(VLOOKUP(A15,ORÇAMENTO!$A$13:$M$211,13,0),"") -> 0 | D15: =C15/$C$25 -> #DIV/0! | E15: 1 | F15: =E15*C15 -> 0 | H15: =G15*$C15 -> 0 | J15: =I15*$C15 -> 0 | L15: =K15*$C15 -> 0 | N15: =M15*$C15 -> 0 | P15: =O15*$C15 -> 0 | R15: =Q15*$C15 -> 0 | S15: =E15+G15+I15+K15+M15+O15+Q15 -> 1
A16: 3 | B16: =IFERROR(VLOOKUP(A16,ORÇAMENTO!$A$13:$M$211,2,0),"") -> SALA G-07 | C16: =IFERROR(VLOOKUP(A16,ORÇAMENTO!$A$13:$M$211,13,0),"") -> 0 | D16: =C16/$C$25 -> #DIV/0! | F16: =E16*C16 -> 0 | G16: 0.45 | H16: =G16*$C16 -> 0 | I16: 0.55 | J16: =I16*$C16 -> 0 | L16: =K16*$C16 -> 0 | N16: =M16*$C16 -> 0 | P16: =O16*$C16 -> 0 | R16: =Q16*$C16 -> 0 | S16: =E16+G16+I16+K16+M16+O16+Q16 -> 1
A17: 4 | B17: =IFERROR(VLOOKUP(A17,ORÇAMENTO!$A$13:$M$211,2,0),"") -> SALA G-08 | C17: =IFERROR(VLOOKUP(A17,ORÇAMENTO!$A$13:$M$211,13,0),"") -> 0 | D17: =C17/$C$25 -> #DIV/0! | E17: 1 | F17: =E17*C17 -> 0 | H17: =G17*$C17 -> 0 | J17: =I17*$C17 -> 0 | L17: =K17*$C17 -> 0 | N17: =M17*$C17 -> 0 | P17: =O17*$C17 -> 0 | R17: =Q17*$C17 -> 0 | S17: =E17+G17+I17+K17+M17+O17+Q17 -> 1
A18: 5 | B18: =IFERROR(VLOOKUP(A18,ORÇAMENTO!$A$13:$M$211,2,0),"") -> SALA G-14 | C18: =IFERROR(VLOOKUP(A18,ORÇAMENTO!$A$13:$M$211,13,0),"") -> 0 | D18: =C18/$C$25 -> #DIV/0! | F18: =E18*C18 -> 0 | G18: 1 | H18: =G18*$C18 -> 0 | J18: =I18*$C18 -> 0 | L18: =K18*$C18 -> 0 | N18: =M18*$C18 -> 0 | P18: =O18*$C18 -> 0 | R18: =Q18*$C18 -> 0 | S18: =E18+G18+I18+K18+M18+O18+Q18 -> 1
A19: 6 | B19: =IFERROR(VLOOKUP(A19,ORÇAMENTO!$A$13:$M$211,2,0),"") -> SALA G-15 | C19: =IFERROR(VLOOKUP(A19,ORÇAMENTO!$A$13:$M$211,13,0),"") -> 0 | D19: =C19/$C$25 -> #DIV/0! | F19: =E19*C19 -> 0 | G19: 1 | H19: =G19*$C19 -> 0 | J19: =I19*$C19 -> 0 | L19: =K19*$C19 -> 0 | N19: =M19*$C19 -> 0 | P19: =O19*$C19 -> 0 | R19: =Q19*$C19 -> 0 | S19: =E19+G19+I19+K19+M19+O19+Q19 -> 1
A20: 7 | B20: =IFERROR(VLOOKUP(A20,ORÇAMENTO!$A$13:$M$211,2,0),"") -> SALA G-24 | C20: =IFERROR(VLOOKUP(A20,ORÇAMENTO!$A$13:$M$211,13,0),"") -> 0 | D20: =C20/$C$25 -> #DIV/0! | F20: =E20*C20 -> 0 | H20: =G20*$C20 -> 0 | J20: =I20*$C20 -> 0 | K20: 0.15 | L20: =K20*$C20 -> 0 | M20: 0.4 | N20: =M20*$C20 -> 0 | O20: 0.25 | P20: =O20*$C20 -> 0 | Q20: 0.2 | R20: =Q20*$C20 -> 0 | S20: =E20+G20+I20+K20+M20+O20+Q20 -> 1
A21: 8 | B21: =IFERROR(VLOOKUP(A21,ORÇAMENTO!$A$13:$M$211,2,0),"") -> SALA G-25 | C21: =IFERROR(VLOOKUP(A21,ORÇAMENTO!$A$13:$M$211,13,0),"") -> 0 | D21: =C21/$C$25 -> #DIV/0! | F21: =E21*C21 -> 0 | H21: =G21*$C21 -> 0 | J21: =I21*$C21 -> 0 | K21: 0.34 | L21: =K21*$C21 -> 0 | M21: 0.66 | N21: =M21*$C21 -> 0 | P21: =O21*$C21 -> 0 | R21: =Q21*$C21 -> 0 | S21: =E21+G21+I21+K21+M21+O21+Q21 -> 1
A22: 9 | B22: =IFERROR(VLOOKUP(A22,ORÇAMENTO!$A$13:$M$211,2,0),"") -> SALA DOS PROFESSORES E COORDENAÇÃO | C22: =IFERROR(VLOOKUP(A22,ORÇAMENTO!$A$13:$M$211,13,0),"") -> 0 | D22: =C22/$C$25 -> #DIV/0! | F22: =E22*C22 -> 0 | H22: =G22*$C22 -> 0 | J22: =I22*$C22 -> 0 | K22: 0.5 | L22: =K22*$C22 -> 0 | M22: 0.25 | N22: =M22*$C22 -> 0 | O22: 0.15 | P22: =O22*$C22 -> 0 | Q22: 0.1 | R22: =Q22*$C22 -> 0 | S22: =E22+G22+I22+K22+M22+O22+Q22 -> 1
A23: 10 | B23: =IFERROR(VLOOKUP(A23,ORÇAMENTO!$A$13:$M$211,2,0),"") -> ADEQUAÇÕES EXTERNAS | C23: =IFERROR(VLOOKUP(A23,ORÇAMENTO!$A$13:$M$211,13,0),"") -> 0 | D23: =C23/$C$25 -> #DIV/0! | F23: =E23*C23 -> 0 | G23: 0.25 | H23: =G23*$C23 -> 0 | I23: 0.75 | J23: =I23*$C23 -> 0 | L23: =K23*$C23 -> 0 | N23: =M23*$C23 -> 0 | P23: =O23*$C23 -> 0 | R23: =Q23*$C23 -> 0 | S23: =E23+G23+I23+K23+M23+O23+Q23 -> 1
A24: 11 | B24: =IFERROR(VLOOKUP(A24,ORÇAMENTO!$A$13:$M$211,2,0),"") -> LIMPEZA E FINALIZAÇÃO | C24: =IFERROR(VLOOKUP(A24,ORÇAMENTO!$A$13:$M$211,13,0),"") -> 0 | D24: =C24/$C$25 -> #DIV/0! | E24: 0.05 | F24: =E24*C24 -> 0 | G24: 0.05 | H24: =G24*$C24 -> 0 | I24: 0.05 | J24: =I24*$C24 -> 0 | K24: 0.05 | L24: =K24*$C24 -> 0 | M24: 0.05 | N24: =M24*$C24 -> 0 | O24: 0.05 | P24: =O24*$C24 -> 0 | Q24: 0.7 | R24: =Q24*$C24 -> 0 | S24: =E24+G24+I24+K24+M24+O24+Q24 -> 1
B25: TOTAL | C25: =SUM(C14:C24) -> 0 | D25: =C25/$C$25 -> #DIV/0!
D27: R$ parcial (valor período) | E27: =SUM(F14:F25) -> 0 | G27: =SUM(H14:H25) -> 0 | I27: =SUM(J14:J25) -> 0 | K27: =SUM(L14:L25) -> 0 | M27: =SUM(N14:N25) -> 0 | O27: =SUM(P14:P25) -> 0 | Q27: =SUM(R14:R25) -> 0
D28: %_parcial (período) | E28: =SUM(E27/$C$25) -> #DIV/0! | G28: =SUM(G27/$C$25) -> #DIV/0! | I28: =SUM(I27/$C$25) -> #DIV/0! | K28: =SUM(K27/$C$25) -> #DIV/0! | M28: =SUM(M27/$C$25) -> #DIV/0! | O28: =SUM(O27/$C$25) -> #DIV/0! | Q28: =SUM(Q27/$C$25) -> #DIV/0!
D29: R$_ acumulado | E29: =E27 -> 0 | G29: =E29+G27 -> 0 | I29: =G29+I27 -> 0 | K29: =I29+K27 -> 0 | M29: =K29+M27 -> 0 | O29: =M29+O27 -> 0 | Q29: =O29+Q27 -> 0
D30: %_acumulado | E30: =E28 -> #DIV/0! | G30: =E30+G28 -> #DIV/0! | I30: =G30+I28 -> #DIV/0! | K30: =I30+K28 -> #DIV/0! | M30: =K30+M28 -> #DIV/0! | O30: =M30+O28 -> #DIV/0! | Q30: =O30+Q28 -> #DIV/0!
B35: ASSINATURA DA EMPRESA

Sheet COMPOSIÇÕES
D2: UNIVERSIDADE ESTADUAL DO NORTE DO PARANÁ
D3: CNPJ: 08.885.100/0001-54
D4: OBRA : ADEQUAÇÕES DOS LABORATÓRIOS DO BLOCO G - MEDICINA
D5: Data do orçamento: MARÇO/2026
D6: SINAPI_Custo_Ref_Composicoes_Analitico_PR_202602_Desonerado
D7: INSERIR NOME DA EMPRESA
A11: COMPOSIÇÕES UENP
A13: COMP.01 | B13: REMOÇÃO DE GRANITO DAS BANCADAS, COM REAPROVEITAMENTO | C13: M2
A14: CÓDIGO | B14: ITEM | C14: UN | D14: QNT. | E14: MAT. + EQUIP. | F14: MÃO DE OBRA | G14: VALOR UNITÁRIO | J14: VALOR TOTAL
A15: 88316 | B15: SERVENTE COM ENCARGOS COMPLEMENTARES | C15: H | D15: 0.15 | H15: =E15*D15 -> 0 | I15: =F15*D15 -> 0 | J15: =G15*D15 -> 0
A16: 88309 | B16: PEDREIRO COM ENCARGOS COMPLEMENTARES | C16: H | D16: 0.1 | H16: =E16*D16 -> 0 | I16: =F16*D16 -> 0 | J16: =G16*D16 -> 0
G17: Total | H17: =SUM(H15:H16) -> 0 | I17: =SUM(I15:I16) -> 0 | J17: =SUM(J15:J16) -> 0
A19: COMP.02 | B19: LIXAMENTO MANUAL DE PAREDE PARA REMOÇÃO DE PINTURA EXISTENTE | C19: M2
A20: CÓDIGO | B20: ITEM | C20: UN | D20: QNT. | E20: MAT. + EQUIP. | F20: MÃO DE OBRA | G20: VALOR UNITÁRIO | J20: VALOR TOTAL
A21: 88316 | B21: SERVENTE COM ENCARGOS COMPLEMENTARES | C21: H | D21: 0.12 | H21: =E21*D21 -> 0 | I21: =F21*D21 -> 0 | J21: =G21*D21 -> 0
A22: 88310 | B22: PINTOR COM ENCARGOS COMPLEMENTARES | C22: H | D22: 0.03 | H22: =E22*D22 -> 0 | I22: =F22*D22 -> 0 | J22: =G22*D22 -> 0
A23: 3767 | B23: LIXA EM FOLHA PARA PAREDE OU MADEIRA, NUMERO 120, COR VERMELHA | C23: UN | D23: 0.0802 | H23: =E23*D23 -> 0 | I23: =F23*D23 -> 0 | J23: =G23*D23 -> 0
G24: Total | H24: =SUM(H21:H23) -> 0 | I24: =SUM(I21:I23) -> 0 | J24: =SUM(J21:J23) -> 0
A26: COMP.03 | B26: SUPORTE DE TOMADA PARA BANCADAS, INCLUSIVE TOMADAS, TOMADAS RJ45, FIXAÇÃO E INSTALAÇÃO | C26: M
A27: CÓDIGO | B27: ITEM | C27: UN | D27: QNT. | E27: MAT. + EQUIP. | F27: MÃO DE OBRA | G27: VALOR UNITÁRIO | J27: VALOR TOTAL
A28: 14310/ORSE | B28: Tubo Metalon Galvanizado de 50x30 ch 20 | C28: M | D28: =(1.5+0.3*2)/1.5 -> 1.4 | H28: =E28*D28 -> 0 | I28: =F28*D28 -> 0 | J28: =G28*D28 -> 0
A29: 91871 | B29: ELETRODUTO RÍGIDO ROSCÁVEL, PVC, DN 25 MM (3/4"), PARA CIRCUITOS TERMINAIS, INSTALADO EM PAREDE - FORNECIMENTO E INSTALAÇÃO. AF_03/2023 | C29: M | D29: 3 | H29: =E29*D29 -> 0 | I29: =F29*D29 -> 0 | J29: =G29*D29 -> 0
A30: 91928 | B30: CABO DE COBRE FLEXÍVEL ISOLADO, 4 MM², ANTI-CHAMA 450/750 V, PARA CIRCUITOS TERMINAIS - FORNECIMENTO E INSTALAÇÃO. AF_03/2023 | C30: M | D30: 4 | H30: =E30*D30 -> 0 | I30: =F30*D30 -> 0 | J30: =G30*D30 -> 0
A31: 91884 | B31: LUVA PARA ELETRODUTO, PVC, ROSCÁVEL, DN 25 MM (3/4"), PARA CIRCUITOS TERMINAIS, INSTALADA EM PAREDE - FORNECIMENTO E INSTALAÇÃO. AF_03/2023 | C31: UN | D31: 1 | H31: =E31*D31 -> 0 | I31: =F31*D31 -> 0 | J31: =G31*D31 -> 0
A32: 00794/ORSE | B32: Tomada para lógica, rj45, com caixa sobrepor, aparente | C32: UN | D32: 2 | H32: =E32*D32 -> 0 | I32: =F32*D32 -> 0 | J32: =G32*D32 -> 0
A33: 10274/ORSE | B33: Caixa metálica com duas tomadas 2P+T para instalação aparente | C33: UN | D33: 1 | H33: =E33*D33 -> 0 | I33: =F33*D33 -> 0 | J33: =G33*D33 -> 0
A34: 7568 | B34: BUCHA DE NYLON SEM ABA S10, COM PARAFUSO DE 6,10 X 65 MM EM ACO ZINCADO COM ROSCA SOBERBA, CABECA CHATA E FENDA PHILLIPS | C34: UN | D34: =4/1.5 -> 2.6666667 | H34: =E34*D34 -> 0 | I34: =F34*D34 -> 0 | J34: =G34*D34 -> 0
A35: 88316 | B35: SERRALHEIRO COM ENCARGOS COMPLEMENTARES | C35: H | D35: 0.3 | H35: =E35*D35 -> 0 | I35: =F35*D35 -> 0 | J35: =G35*D35 -> 0
A36: 88264 | B36: ELETRICISTA COM ENCARGOS COMPLEMENTARES | C36: H | D36: 0.1 | H36: =E36*D36 -> 0 | I36: =F36*D36 -> 0 | J36: =G36*D36 -> 0
A37: 88316 | B37: SERVENTE COM ENCARGOS COMPLEMENTARES | C37: H | D37: 0.3 | H37: =E37*D37 -> 0 | I37: =F37*D37 -> 0 | J37: =G37*D37 -> 0
G38: Total | H38: =SUM(H28:H37) -> 0 | I38: =SUM(I28:I37) -> 0 | J38: =SUM(J28:J37) -> 0
A40: COMP.04 | B40: REMOÇÃO E REINSTALAÇÃO DE SUPORTE DE TOMADAS DAS BANCADAS EXISTENTES | C40: UN
A41: CÓDIGO | B41: ITEM | C41: UN | D41: QNT. | E41: MAT. + EQUIP. | F41: MÃO DE OBRA | G41: VALOR UNITÁRIO | J41: VALOR TOTAL
A42: 88316 | B42: SERVENTE COM ENCARGOS COMPLEMENTARES | C42: H | D42: 0.5 | H42: =E42*D42 -> 0 | I42: =F42*D42 -> 0 | J42: =G42*D42 -> 0
A43: 88264 | B43: ELETRICISTA COM ENCARGOS COMPLEMENTARES | C43: H | D43: 0.65 | H43: =E43*D43 -> 0 | I43: =F43*D43 -> 0 | J43: =G43*D43 -> 0
G44: Total | H44: =SUM(H42:H43) -> 0 | I44: =SUM(I42:I43) -> 0 | J44: =SUM(J42:J43) -> 0
A46: COMP.05 | B46: REMOÇÃO E REINTALAÇÃO DE CUBA DE EMBUTIR RETANGULAR DE AÇO INOXIDÁVEL, 40 X 34 X 14 CM - INCLUSIVE REINSTALAÇÃO HIDRÁULICA E TROCA DE SIFÃO | C46: UN
A47: CÓDIGO | B47: ITEM | C47: UN | D47: QNT. | E47: MAT. + EQUIP. | F47: MÃO DE OBRA | G47: VALOR UNITÁRIO | J47: VALOR TOTAL
A48: 88316 | B48: SERVENTE COM ENCARGOS COMPLEMENTARES | C48: H | D48: =0.15*2 -> 0.3 | H48: =E48*D48 -> 0 | I48: =F48*D48 -> 0 | J48: =G48*D48 -> 0
A49: 88274 | B49: MARMORISTA/GRANITEIRO COM ENCARGOS COMPLEMENTARES | C49: H | D49: =0.38*2 -> 0.76 | H49: =E49*D49 -> 0 | I49: =F49*D49 -> 0 | J49: =G49*D49 -> 0
A50: 4823 | B50: MASSA PLASTICA PARA MARMORE/GRANITO | C50: KG | D50: 0.19 | H50: =E50*D50 -> 0 | I50: =F50*D50 -> 0 | J50: =G50*D50 -> 0
A51: 6136 | B51: SIFAO EM METAL CROMADO PARA PIA OU LAVATORIO, 1 X 1.1/2" | C51: UN | D51: 1 | H51: =E51*D51 -> 0 | I51: =F51*D51 -> 0 | J51: =G51*D51 -> 0
G52: Total | H52: =SUM(H48:H51) -> 0 | I52: =SUM(I48:I51) -> 0 | J52: =SUM(J48:J51) -> 0
A54: COMP.06 | B54: LIXAMENTO MANUAL DE PAREDE | C54: M2
A55: CÓDIGO | B55: ITEM | C55: UN | D55: QNT. | E55: MAT. + EQUIP. | F55: MÃO DE OBRA | G55: VALOR UNITÁRIO | J55: VALOR TOTAL
A56: 88316 | B56: SERVENTE COM ENCARGOS COMPLEMENTARES | C56: H | D56: 0.12 | H56: =E56*D56 -> 0 | I56: =F56*D56 -> 0 | J56: =G56*D56 -> 0
A57: 88310 | B57: PINTOR COM ENCARGOS COMPLEMENTARES | C57: H | D57: 0.05 | H57: =E57*D57 -> 0 | I57: =F57*D57 -> 0 | J57: =G57*D57 -> 0
A58: 3767 | B58: LIXA EM FOLHA PARA PAREDE OU MADEIRA, NUMERO 120, COR VERMELHA | C58: UN | D58: 0.0802 | H58: =E58*D58 -> 0 | I58: =F58*D58 -> 0 | J58: =G58*D58 -> 0
G59: Total | H59: =SUM(H56:H58) -> 0 | I59: =SUM(I56:I58) -> 0 | J59: =SUM(J56:J58) -> 0
A61: COMP.07 | B61: CONSTRUÇÃO DE CENTRAL DE GÁS - INCLUSIVE LIGAÇÕES COM REDE EXISTENTE | C61: M
A62: CÓDIGO | B62: ITEM | C62: UN | D62: QNT. | E62: MAT. + EQUIP. | F62: MÃO DE OBRA | G62: VALOR UNITÁRIO | J62: VALOR TOTAL
A63: 104789 | B63: DEMOLIÇÃO DE PISO DE CONCRETO SIMPLES, DE FORMA MANUAL, SEM REAPROVEITAMENTO. AF_09/2023 | C63: M3 | D63: =1.9*0.8*0.05 -> 0.076 | H63: =E63*D63 -> 0 | I63: =F63*D63 -> 0 | J63: =G63*D63 -> 0
A64: 101173 | B64: ESTACA BROCA DE CONCRETO, DIÂMETRO DE 20CM, ESCAVAÇÃO MANUAL COM TRADO CONCHA, COM ARMADURA DE ARRANQUE. AF_05/2020 | C64: M | D64: =4 -> 4 | H64: =E64*D64 -> 0 | I64: =F64*D64 -> 0 | J64: =G64*D64 -> 0
A65: 96527 | B65: ESCAVAÇÃO MANUAL PARA VIGA BALDRAME OU SAPATA CORRIDA (INCLUINDO ESCAVAÇÃO PARA COLOCAÇÃO DE FÔRMAS). AF_01/2024 | C65: M3 | D65: =0.14*0.25*(0.65*2+1.9*2) -> 0.1785 | H65: =E65*D65 -> 0 | I65: =F65*D65 -> 0 | J65: =G65*D65 -> 0
A66: 96530 | B66: FABRICAÇÃO, MONTAGEM E DESMONTAGEM DE FÔRMA PARA VIGA BALDRAME, EM MADEIRA SERRADA, E=25 MM, 1 UTILIZAÇÃO. AF_01/2024 | C66: M2 | D66: =0.3*(0.65*2+1.9*2)*2 -> 3.06 | H66: =E66*D66 -> 0 | I66: =F66*D66 -> 0 | J66: =G66*D66 -> 0
A67: 104916 | B67: ARMAÇÃO DE SAPATA ISOLADA, VIGA BALDRAME E SAPATA CORRIDA UTILIZANDO AÇO CA-60 DE 5 MM - MONTAGEM. AF_01/2024 | C67: KG | D67: =(((1.9*2+0.65*2)/0.15)*(0.08*2+0.19*2+0.1))*0.154 -> 3.35104 | H67: =E67*D67 -> 0 | I67: =F67*D67 -> 0 | J67: =G67*D67 -> 0
A68: 96555 | B68: CONCRETAGEM DE BLOCO DE COROAMENTO OU VIGA BALDRAME, FCK 30 MPA, COM USO DE JERICA - LANÇAMENTO, ADENSAMENTO E ACABAMENTO. AF_01/2024 | C68: M3 | D68: =0.65*2+1.8*2*0.14*0.25 -> 1.426 | H68: =E68*D68 -> 0 | I68: =F68*D68 -> 0 | J68: =G68*D68 -> 0
A69: 92759 | B69: ARMAÇÃO DE PILAR OU VIGA DE ESTRUTURA CONVENCIONAL DE CONCRETO ARMADO UTILIZANDO AÇO CA-60 DE 5,0 MM - MONTAGEM. AF_06/2022 | C69: KG | D69: =(1.9/0.12)*(0.08*2+0.19*2+0.1)*0.154*4 -> 6.2421333 | H69: =E69*D69 -> 0 | I69: =F69*D69 -> 0 | J69: =G69*D69 -> 0
A70: 92761 | B70: ARMAÇÃO DE PILAR OU VIGA DE ESTRUTURA CONVENCIONAL DE CONCRETO ARMADO UTILIZANDO AÇO CA-50 DE 8,0 MM - MONTAGEM. AF_06/2022 | C70: KG | D70: =4*(1.9+0.2)*4*0.395 -> 13.272 | H70: =E70*D70 -> 0 | I70: =F70*D70 -> 0 | J70: =G70*D70 -> 0
A71: 103335 | B71: =VLOOKUP(A71,'valores sinapi'!$a$2:$f$7840,2,0) -> #NAME? | C71: M2 | D71: =(1.9+0.65+0.65*1.8) -> 3.72 | H71: =E71*D71 -> 0 | I71: =F71*D71 -> 0 | J71: =G71*D71 -> 0
A72: 92269 | B72: FABRICAÇÃO DE FÔRMA PARA PILARES E ESTRUTURAS SIMILARES, EM MADEIRA SERRADA, E=25 MM. AF_09/2020 | C72: M2 | D72: =0.25*1.9*2*4 -> 3.8 | H72: =E72*D72 -> 0 | I72: =F72*D72 -> 0 | J72: =G72*D72 -> 0
A73: 106059 | B73: LAJE PRÉ-MOLDADA UNIDIRECIONAL, BIAPOIADA, PARA FORRO, ENCHIMENTO EM CERÂMICA, VIGOTA TRELIÇADA, ALTURA TOTAL DA LAJE "LT" = 12 CM (ENCHIMENTO+CAPA) = (8+4). AF_08/2025 | C73: M2 | D73: =1.9*0.8 -> 1.52 | H73: =E73*D73 -> 0 | I73: =F73*D73 -> 0 | J73: =G73*D73 -> 0
A74: 87878 | B74: =VLOOKUP(A74,'valores sinapi'!$a$2:$f$7840,2,0) -> #NAME? | C74: M2 | D74: =(1.9+0.8+0.8)*1.9*2+1.9*0.65+1.9*0.8 -> 16.055 | H74: =E74*D74 -> 0 | I74: =F74*D74 -> 0 | J74: =G74*D74 -> 0
A75: 87529 | B75: MASSA ÚNICA, EM ARGAMASSA TRAÇO 1:2:8, PREPARO MECÂNICO, APLICADA MANUALMENTE EM PAREDES INTERNAS DE AMBIENTES COM ÁREA ENTRE 5M² E 10M², E = 17,5MM, COM TALISCAS. AF_03/2024 | C75: M2 | D75: =D74 -> 16.055 | H75: =E75*D75 -> 0 | I75: =F75*D75 -> 0 | J75: =G75*D75 -> 0
A76: 88485 | B76: FUNDO SELADOR ACRÍLICO, APLICAÇÃO MANUAL EM PAREDE, UMA DEMÃO. AF_04/2023 | C76: M2 | D76: =D75 -> 16.055 | H76: =E76*D76 -> 0 | I76: =F76*D76 -> 0 | J76: =G76*D76 -> 0
A77: 104642 | B77: PINTURA LÁTEX ACRÍLICA STANDARD, APLICAÇÃO MANUAL EM PAREDES, DUAS DEMÃOS. AF_04/2023 | C77: M2 | D77: =D76 -> 16.055 | H77: =E77*D77 -> 0 | I77: =F77*D77 -> 0 | J77: =G77*D77 -> 0
A78: 97335 | B78: TUBO EM COBRE RÍGIDO, DN 22 MM, CLASSE A, SEM ISOLAMENTO, INSTALADO EM PRUMADA DE GÁS COMBUSTÍVEL - FORNECIMENTO E INSTALAÇÃO. AF_04/2022 | C78: M | D78: 10 | H78: =E78*D78 -> 0 | I78: =F78*D78 -> 0 | J78: =G78*D78 -> 0
A79: 97553 | B79: TÊ, EM AÇO, CONEXÃO SOLDADA, DN 20 (3/4"), INSTALADO EM RAMAIS E SUB-RAMAIS DE GÁS - FORNECIMENTO E INSTALAÇÃO. AF_01/2026 | C79: UN | D79: 1 | H79: =E79*D79 -> 0 | I79: =F79*D79 -> 0 | J79: =G79*D79 -> 0
A80: 95249 | B80: VÁLVULA DE ESFERA BRUTA, BRONZE, ROSCÁVEL, 3/4'' - FORNECIMENTO E INSTALAÇÃO. AF_08/2021 | C80: UN | D80: 2 | H80: =E80*D80 -> 0 | I80: =F80*D80 -> 0 | J80: =G80*D80 -> 0
A81: 07333/ORSE | B81: Valvula de bloqueio p / gás GLP, rosca COMAP ou similar | C81: UN | D81: 1 | H81: =E81*D81 -> 0 | I81: =F81*D81 -> 0 | J81: =G81*D81 -> 0
A82: 91166 | B82: [ADAPTADO PARA ABRAÇADEIRA TIPO CUNHA METÁLICA] FIXAÇÃO DE TUBOS HORIZONTAIS DE PEX OU MULTICAMADAS, DIÂMETROS IGUAIS OU INFERIORES A 40 MM, COM ABRAÇADEIRA PLÁSTICA FIXADA EM LAJE. AF_09/2023_PE | C82: UN | D82: 6 | H82: =E82*D82 -> 0 | I82: =F82*D82 -> 0 | J82: =G82*D82 -> 0
A83: 09094/ORSE | B83: Medidor de gás GLP, classe 300, d=28mm | C83: UN | D83: 2 | H83: =E83*D83 -> 0 | I83: =F83*D83 -> 0 | J83: =G83*D83 -> 0
A84: 09014/ORSE | B84: Valvula de bloqueio, classe 300, d = 15mm (1/2") p/inst.gás | C84: UN | D84: 2 | H84: =E84*D84 -> 0 | I84: =F84*D84 -> 0 | J84: =G84*D84 -> 0
A85: 10524/ORSE | B85: Tampão de cobre 22mm | C85: UN | D85: 2 | H85: =E85*D85 -> 0 | I85: =F85*D85 -> 0 | J85: =G85*D85 -> 0
A86: 13236/ORSE | B86: [ADAPTADO DE UNIDADE PARA M2] Portão de abrir (1,60 X 1,43 m) com tela de arame galvanizado fio12, malha 2", revestida em pvc e quadro em tubo de ferro galvanizado de 11/2" com pintura esmalte epoxi | C86: M2 | D86: =1.8*1.6 -> 2.88 | H86: =E86*D86 -> 0 | I86: =F86*D86 -> 0 | J86: =G86*D86 -> 0
A87: 88267 | B87: ENCANADOR OU BOMBEIRO HIDRÁULICO COM ENCARGOS COMPLEMENTARES | C87: H | D87: 2.4 | H87: =E87*D87 -> 0 | I87: =F87*D87 -> 0 | J87: =G87*D87 -> 0
A88: 88309 | B88: PEDREIRO COM ENCARGOS COMPLEMENTARES | C88: H | D88: 5 | H88: =E88*D88 -> 0 | I88: =F88*D88 -> 0 | J88: =G88*D88 -> 0
A89: 88316 | B89: SERVENTE COM ENCARGOS COMPLEMENTARES | C89: H | D89: 0.3 | H89: =E89*D89 -> 0 | I89: =F89*D89 -> 0 | J89: =G89*D89 -> 0
G90: Total | H90: =SUM(H63:H89) -> 0 | I90: =SUM(I63:I89) -> 0 | J90: =SUM(J63:J89) -> 0
A92: COMP.08 | B92: ISOLAMENTO DE TUBULAÇÃO DE GÁS EXISTENTE | C92: UN
A93: 10524/ORSE | B93: Tampão de cobre 22mm | C93: UN | D93: 2 | H93: =E93*D93 -> 0 | I93: =F93*D93 -> 0 | J93: =G93*D93 -> 0
A94: 88267 | B94: ENCANADOR OU BOMBEIRO HIDRÁULICO COM ENCARGOS COMPLEMENTARES | C94: H | D94: 0.08 | H94: =E94*D94 -> 0 | I94: =F94*D94 -> 0 | J94: =G94*D94 -> 0
A95: 88316 | B95: SERVENTE COM ENCARGOS COMPLEMENTARES | C95: H | D95: 0.2 | H95: =E95*D95 -> 0 | I95: =F95*D95 -> 0 | J95: =G95*D95 -> 0
G96: Total | H96: =SUM(H93:H95) -> 0 | I96: =SUM(I93:I95) -> 0 | J96: =SUM(J93:J95) -> 0
A98: COMP.09 | B98: REMOÇÃO DE PORTAS, DE FORMA MANUAL, COM REAPROVEITAMENTO | C98: UN
A99: 88309 | B99: PEDREIRO COM ENCARGOS COMPLEMENTARES | C99: H | D99: 0.1087 | H99: =E99*D99 -> 0 | I99: =F99*D99 -> 0 | J99: =G99*D99 -> 0
A100: 88316 | B100: SERVENTE COM ENCARGOS COMPLEMENTARES | C100: H | D100: 0.3 | H100: =E100*D100 -> 0 | I100: =F100*D100 -> 0 | J100: =G100*D100 -> 0
G101: Total | H101: =SUM(H99:H100) -> 0 | I101: =SUM(I99:I100) -> 0 | J101: =SUM(J99:J100) -> 0
B107: ASSINATURA DA EMPRESA

Sheet BDI
E3: UNIVERSIDADE ESTADUAL DO NORTE DO PARANÁ
E4: CNPJ: 08.885.100/0001-54
E5: OBRA : ADEQUAÇÕES DOS LABORATÓRIOS DO BLOCO G - MEDICINA
E6: Local: Campus Cornélio Procópio - CCP
G7: Data do orçamento: MARÇO/2026
F8: SINAPI_Custo_Ref_Composicoes_Analitico_PR_202602_Desonerado
F10: INSERIR NOME DA EMPRESA
A13: COMPOSIÇÃO DO BDI
A14: CUSTO TOTAL DO SERVIÇO (R$)
A15: ITEM | B15: DISCRIMINAÇÃO | E15: VALOR | F15: TAXA (%) | G15: OBSERVAÇÃO | H15: SITUAÇÃO DO INTERVALO ADMISSÍVEL | I15: PARCELAS DO BDI (%)
I16: 1 QUARTIL | J16: MÉDIO | K16: 3 QUARTIL
A17: 1 | B17: AC – ADMINISTRAÇÃO CENTRAL | F17: 0.03 | H17: OK | I17: 0.03 | J17: 0.04 | K17: 0.055
A18: 2 | B18: SG – SEGUROS + GARANTIA | F18: 0.008 | H18: OK | I18: 0.008 | J18: 0.008 | K18: 0.01
A19: 3 | B19: R – RISCOS | F19: 0.0097 | H19: OK | I19: 0.0097 | J19: 0.0127 | K19: 0.0127
A20: 4 | B20: DF – DESPESAS FINANCEIRAS | F20: 0.0059 | H20: OK | I20: 0.0059 | J20: 0.0123 | K20: 0.0139
A21: 5 | B21: L – LUCRO BRUTO | F21: 0.06245 | H21: OK | I21: 0.0616 | J21: 0.074 | K21: 0.0896
A22: 6 | B22: I – IMPOSTOS | F22: =SUM(F23:F26) -> 0.1115 | G22: FÓRMULA DO BDI DE ACORDO COM ACÓRDÃO 2.369/2011-TCU- PLENÁRIO
A23: 43836 | B23: PIS | F23: 0.0065
A24: 43867 | B24: COFINS | F24: 0.03
A25: 43896 | B25: ISS (CONFORME LEGISLAÇÃO MUNICIPAL) | F25: 0.03
A26: 43927 | B26: CONTRIB. PREVIDÊNCIA SOBRE RECEITA BRUTA – CPRB | F26: 0.045
A28: TOTAL DO BDI (R$)
A29: PREÇO DE VENDA (R$) | G29: ONDE:
A30: BDI (%) | F30: =(((1+(F17+F18+F19))*(1+F20)*(1+F21))/(1-F22))-1 -> 0.26020971 | G30: AC : TAXA DE ADMINISTRAÇÃO CENTRAL
G31: S: TAXA DE SEGURO
G32: G: TAXA DE GARANTIAS
G33: R: TAXA DE RISCOS
G34: DF: TAXA DE DESPESAS
G35: L: TAXA DE LUCRO
G36: I: TAXA DE INCIDÊNCIA DE IMPOSTOS (PIS, COFINS, ISS, CPRB)
A39: COMPOSIÇÃO DO BDI REDUZIDO
A40: CUSTO TOTAL DO SERVIÇO (R$)
A41: ITEM | B41: DISCRIMINAÇÃO | E41: VALOR | F41: TAXA (%) | G41: OBSERVAÇÃO | H41: SITUAÇÃO DO INTERVALO ADMISSÍVEL | I41: PARCELAS DO BDI (%)
I42: 1 QUARTIL | J42: MÉDIO | K42: 3 QUARTIL
A43: 1 | B43: AC – ADMINISTRAÇÃO CENTRAL | F43: 0.015 | H43: =IF(AND(F43>=I43,F43<=K43),"OK","DIFERE") -> OK | I43: 0.015 | J43: 0.0345 | K43: 0.0449
A44: 2 | B44: SG – SEGUROS + GARANTIA | F44: 0.003 | H44: =IF(AND(F44>=I44,F44<=K44),"OK","DIFERE") -> OK | I44: 0.003 | J44: 0.0048 | K44: 0.0082
A45: 3 | B45: R – RISCOS | F45: 0.0056 | H45: =IF(AND(F45>=I45,F45<=K45),"OK","DIFERE") -> OK | I45: 0.0056 | J45: 0.0085 | K45: 0.0089
A46: 4 | B46: DF – DESPESAS FINANCEIRAS | F46: 0.0085 | H46: =IF(AND(F46>=I46,F46<=K46),"OK","DIFERE") -> OK | I46: 0.0085 | J46: 0.0085 | K46: 0.0111
A47: 5 | B47: L – LUCRO BRUTO | F47: 0.0352 | H47: =IF(AND(F47>=I47,F47<=K47),"OK","DIFERE") -> OK | I47: 0.035 | J47: 0.0511 | K47: 0.0622
A48: 6 | B48: I – IMPOSTOS | F48: =SUM(F49:F52) -> 0.0815 | G48: FÓRMULA DO BDI DE ACORDO COM ACÓRDÃO 2.369/2011-TCU- PLENÁRIO
A49: 43836 | B49: PIS | F49: 0.0065
A50: 43867 | B50: COFINS | F50: 0.03
A51: 43896 | B51: ISS (CONFORME LEGISLAÇÃO MUNICIPAL) | F51: 0
A52: 43927 | B52: CONTRIB. PREVIDÊNCIA SOBRE RECEITA BRUTA – CPRB | F52: 0.045
A54: TOTAL DO BDI (R$)
A55: PREÇO DE VENDA (R$) | G55: ONDE:
A56: BDI (%) | F56: =(((1+(F43+F44+F45))*(1+F46)*(1+F47))/(1-F48))-1 -> 0.16345953 | G56: AC : TAXA DE ADMINISTRAÇÃO CENTRAL
G57: S: TAXA DE SEGURO
A58: Parâmetros do Acórdão 2.622/2013 - Plenário | G58: G: TAXA DE GARANTIAS
A59: Sem CPRB | B59: 0.111 | C59: 0.1402 | D59: 0.168 | G59: R: TAXA DE RISCOS
A60: Com CPRB | B60: 0.1634 | C60: 0.1939 | D60: 0.223 | G60: DF: TAXA DE DESPESAS
G61: L: TAXA DE LUCRO
G62: I: TAXA DE INCIDÊNCIA DE IMPOSTOS (PIS, COFINS, ISS, CPRB)
A63: OBS: Para o BDI reduzido, considerou-se nulo o ISS e uma parcela reduzida para administração central e lucro para remunerar os custos inerentes às aquisições e armazenamento por parte da empresa contratada, por isso o valor da taxa de BDI é menor do que a que foi adotada para o restante do orçamento da obra.
B68: ASSINATURA DA EMPRESA
